 Dungeon Crawl Stone Soup version 0.21.1-1-g345015fe64 (webtiles) character file.

92 HypnoRock the Conjurer (level 4, -2/30 HPs)
             Began as a Demonspawn Wizard on June 28, 2018.
             Killed from afar by Sigmund (8 damage)
             ... with a puff of flame
             ... on level 2 of the Dungeon.
             The game lasted 00:21:27 (2977 turns).

HypnoRock the Conjurer (Demonspawn Wizard)          Turns: 2977, Time: 00:21:27

Health: -2/30      AC:  4    Str:  8    XL:     4   Next: 35%
Magic:  2/8        EV: 15    Int: 20    God:
Gold:   61         SH:  0    Dex: 11    Spells: 3/9 levels left

rFire    . . .     SeeInvis .   l - +0 whip
rCold    . . .     Gourm    .   (no shield)
rNeg     . . .     Faith    .   a - +1 robe
rPois    .         Spirit   .   b - +0 hat
rElec    .         Reflect  .   (no cloak)
rCorr    .         Harm     .   g - +0 pair of gloves
MR       .....                  (no boots)
Stlth    ++........             (no amulet)
HPRegen  0.10/turn              (no ring)
MPRegen  0.11/turn              (no ring)

@: no status effects
A: horns 1, repulsion field 2
a: no special abilities


You were on level 2 of the Dungeon.
You were not hungry.

You visited 1 branch of the dungeon, and saw 2 of its levels.

You collected 61 gold pieces.

Inventory:

Hand Weapons
 f - a +0 dagger
 l - a +0 whip (weapon)
Missiles
 e - 73 stones (quivered)
Armour
 a - a +1 robe (worn)
 b - a +0 hat (worn)
 g - a +0 pair of gloves (worn)
Potions
 h - a potion of berserk rage {unknown}
 i - 2 potions of invisibility
 j - 2 potions of flight {unknown}
 k - a potion of magic {unknown}
 n - a potion of cancellation {unknown}
Books
 c - a book of Minor Magic

   Spells                             Type                      Level
   a - Magic Dart                     Conjuration                  1
   b - Blink                          Translocation                2
   c - Call Imp                       Summoning                    2
   d - Slow                           Hexes                        2
   e - Conjure Flame                  Conjuration/Fire             3
   f - Mephitic Cloud                 Conjuration/Poison/Air       3
Comestibles
 d - 6 rations


   Skills:
 - Level 1.7 Dodging
 - Level 1.7 Stealth
 - Level 3.0 Spellcasting
 + Level 4.2 Conjurations
   Level 1.0 Summonings
 - Level 1.0 Translocations


You had 3 spell levels left.
You knew the following spells:

 Your Spells              Type           Power        Failure   Level  Hunger
a - Magic Dart            Conj           ###.         2%          1    None
b - Blink                 Tloc           N/A          14%         2    ##.....
c - Mephitic Cloud        Conj/Pois/Air  #.......     24%         3    ###....


Dungeon Overview and Level Annotations

Branches:
Dungeon (2/15)

Altars:

Annotations:
D:2 Sigmund, Terence


Innate Abilities, Weirdness & Mutations

You have a pair of small horns on your head.
You are surrounded by a moderate repulsion field. (EV +3)


Message History

You are confused.
You bump into the rock wall.
Sigmund gestures at you while chanting. The puff of flame hits you!
* * * LOW HITPOINT WARNING * * *
You're too confused to move!
Sigmund casts a spell at you. The puff of flame misses you.
Sigmund closely misses you.
You bump into the rock wall.
You bump into the rock wall.
The hobgoblin shouts!
You hear a shout!
Sigmund points at you and mumbles some strange words.
You resist with some effort.
You hear a shout!
You bump into the rock wall.
You feel less confused. Sigmund gestures at you while chanting.
The puff of flame hits you!
You die...

#@.........#
.#
#.##########
.. ###.# .#
#...# ..
#.#.# #.
#.#.# #.
#.#.#
#.#####.###
#gg@รท@..#
#########


You could see Sigmund and 2 hobgoblins.

Vanquished Creatures
  Robin (D:2)
  An adder (D:2)
  3 oozes
  2 worms (D:2)
  A dart slug (D:2)
  8 bats
  2 giant cockroaches
  9 goblins
  7 hobgoblins
  2 quokkas (D:2)
  A ball python (D:1)
  A frilled lizard (D:1)
  7 kobolds
  7 rats
52 creatures vanquished.

Notes
Turn   | Place    | Note
-------+----------+-------------------------------------------
     0 | D:1      | HypnoRock the Demonspawn Wizard began the quest for the Orb.
     0 | D:1      | Reached XP level 1. HP: 13/13 MP: 4/4
   400 | D:1      | Reached skill level 2 in Conjurations
   400 | D:1      | Gained mutation: You are surrounded by a mild repulsion field. (EV +2) [demonic ancestry]
   400 | D:1      | Reached XP level 2. HP: 8/19 MP: 0/6
  1132 | D:1      | Reached skill level 3 in Conjurations
  1259 | D:1      | Gained mutation: You have a pair of small horns on your head. [demonic ancestry]
  1259 | D:1      | Reached XP level 3. HP: 24/24 MP: 4/7
  1527 | D:1      | Learned a level 2 spell: Blink
  1531 | D:1      | Learned a level 3 spell: Mephitic Cloud
  1626 | D:2      | Noticed Robin
  2458 | D:2      | Noticed Terence
  2593 | D:2      | Gained mutation: You are surrounded by a moderate repulsion field. (EV +3) [demonic ancestry]
  2593 | D:2      | Reached XP level 4. HP: 30/30 MP: 0/8
  2824 | D:2      | Reached skill level 4 in Conjurations
  2824 | D:2      | Reached skill level 1 in Translocations
  2923 | D:2      | Killed Robin
  2965 | D:2      | Noticed Sigmund
  2977 | D:2      | Killed from afar by Sigmund

Skill      XL: |  1  2  3  4 |
---------------+-------------+-----
Conjurations   | 2 3 4 |  4.2
Translocations | 1 |  1.0
Dodging        | |  1.7
Stealth        | |  1.7
Spellcasting   | |  3.0
Summonings     | |  1.0

Action                   |  1- 3 |  4- 6 || total
-------------------------+-------+-------++-------
Melee: Dagger            |    63 |       ||    63
       Unarmed           |    11 |       ||    11
       Headbutt          |     6 |     5 ||    11
       Whip              |       |    27 ||    27
 Cast: Magic Dart        |    97 |    18 ||   115
       Blink             |     4 |     1 ||     5
       Mephitic Cloud    |     2 |     2 ||     4
  Use: Scroll            |     5 |       ||     5
  Eat: Chunk             |     5 |     2 ||     7
Armor: Robe              |    26 |     3 ||    29
Dodge: Dodged            |    82 |    31 ||   113
